AoeStats
← adrazduarte

MegaRandom

509988520Analyzed
4v4 RM · 4d ago on Sep 28, 2026· 31m 53s· 8 players
Game mode
Random Map
Map size
Large (8 player)
Population
200
Speed
Normal
Resources
Standard
Victory
Conquest
Starting age
Dark Age
Ending age
Imperial Age
RankedLock teamsTeams togetherTeam positionsShared explorationLock speedFull tech treeHidden civsTurbo modeCheats
Victory
Defeat
🇮🇹 Malians · Italy
1055
+15
🇹🇷 Romans · Türkiye
970
+18
🇺🇸 Huns · United States
963
+18
🇲🇽 Mongols · Mexico
960
+18
🇺🇸 Saxons · United States
1030
-18
🇪🇸 Magyars · Spain
1016
-17
🇨🇴 Italians · Colombia
1015
-17
🇨🇴 Goths · Colombia
1015
-17
Drakefire0918
14:41 Feudal Age
15:10 Double-Bit Axe
16:38 Horse Collar
21:23 Loom
23:41 Castle Age
22:28 Forging
22:18 Scale Mail Armor
22:28 Forging
23:32 Stone Mining
26:53 Anarchy
27:26 Chain Mail Armor
27:46 Iron Casting
27:26 Chain Mail Armor
27:46 Iron Casting
28:27 Bow Saw
31:21 Anarchy
BLOO
7:50 Loom
8:27 Loom
11:32 Feudal Age
11:52 Man-at-Arms
19:08 Fletching
25:46 Castle Age
Morcota
5:28 Loom
15:39 Feudal Age
16:35 Double-Bit Axe
17:07 Town Watch
17:28 Gold Mining
18:44 Wheelbarrow
22:46 Fletching
22:58 Padded Archer Armor
24:01 Horse Collar
29:27 Castle Age
29:29 Elite Skirmisher
29:31 Crossbowman
30:54 Hand Cart
31:56 Ballistics
32:02 Bodkin Arrow
32:22 Leather Archer Armor
dan.rockerr
Renesis
4:15 Loom
13:38 Feudal Age
14:45 Man-at-Arms
18:32 Horse Collar
21:21 Arson
22:05 Double-Bit Axe
31:58 Forging
adrazduarte
3:37 Loom
12:54 Feudal Age
17:55 Castle Age
15:53 Double-Bit Axe
16:03 Stone Mining
19:46 Bow Saw
19:20 Horse Collar
20:23 Fletching
22:50 Bodkin Arrow
26:26 Wheelbarrow
25:37 Town Watch
26:57 Scale Barding Armor
tequilamockingbird
6:40 Loom
12:03 Feudal Age
15:04 Double-Bit Axe
16:57 Horse Collar
22:36 Castle Age
21:14 Scale Barding Armor
24:34 Chain Barding Armor
24:37 Bloodlines
24:29 Husbandry
24:45 Forging
26:54 Iron Casting
31:47 Heavy Plow
32:00 Bow Saw
cmlmrt61
15:12 Feudal Age
13:30 Loom
24:38 Castle Age
29:36 Double-Bit Axe
Connection lost

Rejoining the realm…

Still unreachable

The connection could not be restored.

Session expired

The server has moved on; the page needs a fresh start.